 Dungeon Crawl Stone Soup version 0.30.1-4-g462c640d31 (webtiles) character file.

Game seed: 9906588649501088527

3717 Kurtz the Cleaver (level 10, -10/61 HPs)
             Began as a Tengu Fighter on Sept 18, 2023.
             Was a Follower of Okawaru.
             Mangled by an orc warlord
             ... wielding a +4 battleaxe
              (30 damage)
             ... in a bailey.
             The game lasted 00:11:35 (5868 turns).

Kurtz the Cleaver (Tengu Fighter)                   Turns: 5868, Time: 00:11:36

Health: -10/61     AC: 19    Str: 20    XL:     10   Next: 14%
Magic:  11/13      EV: 15    Int:  8    God:    Okawaru [*.....]
Gold:   297        SH:  7    Dex: 15    Spells: 9/9 levels left

rFire   . . .        E - +3 broad axe
rCold   + . .        c - +0 buckler
rNeg    . . .        b - +0 chain mail
rPois   .            (helmet restricted)
rElec   .            h - +0 cloak
rCorr   .            A - +0 pair of gloves
SInv    .            (boots unavailable)
Will    .....        (no amulet) Stlth
                     f - +4 ring of protection
HPRegen 0.30/turn    l - ring of protection from cold
MPRegen 0.13/turn

%: no passive effects
@: mighty, heroic, flying quickly and evasively, quick
A: beak, talons 3, nimble flight
a: Renounce Religion, Heroism


You were in a bailey.
You worshipped Okawaru.
Okawaru was aware of your devotion.
You visited 2 branches of the dungeon, and saw 8 of its levels.
You also visited: Sewer and Bailey.

You collected 297 gold pieces.

Inventory:

Hand Weapons
 a - a +0 war axe
 E - a +3 broad axe (weapon)
Missiles
 v - 6 javelins (quivered)
Armour
 b - a +0 chain mail (worn)
 c - a +0 buckler (worn)
 h - a +0 cloak (worn)
 A - a +0 pair of gloves (worn)
Jewellery
 f - a +4 ring of protection (left hand)
 l - a ring of protection from cold (right hand)
 D - a ring of resist corrosion
Wands
 F - a wand of charming (8)
Scrolls
 g - 5 scrolls of enchant weapon
 i - a scroll of torment
 j - 2 scrolls of immolation {unknown}
 m - 2 scrolls of noise
 r - 2 scrolls of butterflies {unknown}
 s - 2 scrolls of amnesia
 t - 3 scrolls of vulnerability {unknown}
 w - a scroll of magic mapping
 x - 2 scrolls of poison {unknown}
 y - 3 scrolls of teleportation {unknown}
 B - a scroll of fear
 J - a scroll of silence {unknown}
 L - a scroll of fog {unknown}
Potions
 d - 2 potions of might
 e - 3 potions of heal wounds
 n - a potion of brilliance
 o - 2 potions of lignification
 p - 11 potions of curing {unknown}
 q - 3 potions of attraction
 u - a potion of haste
 z - a potion of ambrosia
 C - a potion of cancellation {unknown}
 G - 3 potions of invisibility {unknown}
 I - a potion of degeneration {unknown}
 K - 2 potions of mutation {unknown}


   Skills:
 * Level 6.4(11.4) Fighting
 * Level 12.8(17.8) Axes
 * Level 7.2(12.2) Armour
 * Level 6.0(11.0) Dodging
 * Level 5.1(10.1) Shields
 * Level 3.6 Invocations


You had 9 spell levels left.
You didn't know any spells.
Your spell library contained the following spells:

 Spells                   Type           Power      Damage    Failure   Level
 Sandblast                Erth           0%         2d4       94%         1
 Passwall                 Tmut/Erth      0%         N/A       98%         2
 Frozen Ramparts          Ice            0%         1d1       100%        3
 Gell's Gravitas          Tloc           0%         N/A       100%        3
 Stone Arrow              Conj/Erth      0%         3d7       100%        3
 Teleport Other           Tloc           0%         N/A       100%        3
 Olgreb's Toxic Radiance  Pois           0%         N/A       100%        4
 Alistair's Intoxication  Tmut/Pois      0%         N/A       100%        5
 Freezing Cloud           Conj/Ice/Air   0%         6-21      100%        5
 Dispersal                Tloc           0%         N/A       100%        6


Dungeon Overview and Level Annotations

Branches:
Dungeon (7/15)             Temple (1/1) D:6           Sewer (visited)
 Bailey (1/1)

Altars:
Ashenzari
Cheibriados
Dithmenos
Elyvilon
Fedhas
Gozag
Hepliaklqana
Kikubaaqudgha
Makhleb
Nemelex Xobeh
Okawaru
Qazlal
Ru
Sif Muna
Trog
Wu Jian
Zin
The Shining One

Shops:
D:6 *


Innate Abilities, Weirdness & Mutations

You have a beak for a mouth.
You have claws for feet.
Your magical nature lets you fly swiftly and evasively.


Message History

Aim: an orc warlord, wielding a +4 battleaxe and wearing a +0 plate armour (72% to hit)
You throw a poisoned dart. The poisoned dart hits the orc warlord.
The orc warlord is poisoned.
Throw: 3 darts (poison)
Press: ? - help, Q - select action, (/) - cycle Shift-Dir - straight line, f/p - orc warlord
Aim: an orc warlord, wielding a +4 battleaxe and wearing a +0 plate armour (lightly wounded, poisoned, 72% to hit)
You throw a poisoned dart. The poisoned dart hits the orc warlord.
The orc warlord looks even sicker.
The orc warlord is lightly wounded.
Throw: 2 darts (poison)
Press: ? - help, Q - select action, (/) - cycle Shift-Dir - straight line, f/p - orc warlord
Aim: an orc warlord, wielding a +4 battleaxe and wearing a +0 plate armour (lightly wounded, very poisoned, 72% to hit)
You throw a poisoned dart. The poisoned dart hits the orc warlord.
The orc warlord is lightly wounded.
Throw: dart (poison)
Press: ? - help, Q - select action, (/) - cycle Shift-Dir - straight line, f/p - orc warlord
Aim: an orc warlord, wielding a +4 battleaxe and wearing a +0 plate armour (lightly wounded, very poisoned, 72% to hit)
You throw a poisoned dart.
The poisoned dart barely misses the orc warlord.
There is an open door here.
You see here a poisoned dart.
You see here a poisoned dart.
You gain the combat prowess of a mighty hero.
Items here: ! $ ) = [ †.
You feel very mighty all of a sudden.
The orc warlord hits you with a +4 battleaxe!!
You hit the orc warlord but do no damage.
You claw the orc warlord!
The orc warlord is lightly wounded.
The orc warlord hits you with a +4 battleaxe!!
You hit the orc warlord. You peck the orc warlord!
The orc warlord is moderately wounded.
You block the orc warlord's attack.
You hit the orc warlord. You claw the orc warlord.
The orc warlord is moderately wounded.
You barely miss the orc warlord. You claw the orc warlord!
You peck the orc warlord.
The orc warlord is heavily wounded.
The orc warlord hits you with a +4 battleaxe!!
You die...

#........o..#...... ♣♣♣
###[).....).###.....
♣♣♣.♣♣
###.#)#.....###.###...
♣♣....♣♣♣###...)[###.###
...###.
♣.......##.........###
.....##
♣.......#...........#
.....##
♣.......'...........#
g.....#
...∩.∩..'.....⌠.....#
..o...'
........'.......@...#
......#
......))#.......o...#
.....##
♣.......##.........###
.....##
♣.....♣.♣###....(###.###
...###. ♣♣.♣..♣♣♣
###.#'#.....###.###...
♣♣♣♣♣♣
###.........###.....
#.(.........#......
#...........#......
#.....⌠..).(#.....⌠


You could see an orc warlord (poisoned).

Vanquished Creatures
  Duvessa (D:5)
  9 orc warriors (Bailey)
  A sky beast (D:6)
  A centaur (D:4)
  2 ogres (D:5)
  Blork the orc (D:5)
  A bullfrog (D:6)
  A scorpion (D:5)
  Dowan (D:5)
  2 howler monkeys (D:7)
  3 jellies
  A hound (D:6)
  A sleepcap (D:4)
  3 iguanas
  4 orc wizards
  18 adders
  6 gnolls (Bailey)
  4 river rats
  A shadow imp (D:5)
  A white imp (D:6)
  2 ufetubi (D:4)
  4 worms
  A dart slug (D:2)
  31 orcs
  12 ball pythons
  2 bats (D:3)
  8 endoplasms
  2 giant cockroaches
  23 goblins
  18 hobgoblins
  9 jackals
  9 kobolds
  4 quokkas
  20 frilled lizards
  12 rats
219 creatures vanquished.

Notes
Turn   | Place    | Note
-------+----------+-------------------------------------------
     0 | D:1      | Kurtz the Tengu Fighter began the quest for the Orb.
     0 | D:1      | Reached XP level 1. HP: 14/14 MP: 2/2
   158 | D:1      | Reached XP level 2. HP: 19/19 MP: 3/3
   163 | D:1      | Reached skill level 3 in Axes
   505 | D:1      | Found a faded altar of an unknown god.
   541 | D:1      | Reached XP level 3. HP: 22/23 MP: 4/4
   551 | D:1      | Reached skill level 4 in Axes
   929 | D:2      | Reached XP level 4. HP: 28/28 MP: 5/5
  1283 | D:3      | Got the Textbook on Befouled Algor
  1288 | D:3      | Reached skill level 5 in Axes
  1355 | D:3      | Gained mutation: Your magical nature lets you fly swiftly
                  | and evasively. [Tengu growth]
  1355 | D:3      | Reached XP level 5. HP: 12/32 MP: 6/6
  2042 | D:4      | Reached skill level 6 in Axes
  2115 | D:4      | Reached XP level 6. HP: 33/37 MP: 7/7
  2132 | D:4      | Found a glowing drain.
  2141 | Sewer    | Entered a sewer
  2264 | Sewer    | Reached skill level 7 in Axes
  2741 | D:4      | HP: 1/37 [centaur/arrow (1)]
  2747 | D:4      | Reached skill level 8 in Axes
  2747 | D:4      | Reached XP level 7. HP: 25/41 MP: 8/8
  2920 | D:5      | Entered Level 5 of the Dungeon
  3075 | D:5      | Found a hazy altar of Hepliaklqana.
  3271 | D:5      | Found a sacrificial altar of Ru.
  3290 | D:5      | Reached skill level 9 in Axes
  3505 | D:5      | Noticed Blork the orc
  3515 | D:5      | Killed Blork the orc
  3633 | D:5      | Noticed Duvessa
  3634 | D:5      | Noticed Dowan
  3827 | D:6      | Found a staircase to the Ecumenical Temple.
  3839 | D:6      | Reached skill level 10 in Axes
  3839 | D:6      | Reached XP level 8. HP: 46/46 MP: 9/9
  3841 | Temple   | Entered the Ecumenical Temple
  3851 | Temple   | Became a worshipper of Warmaster Okawaru
  4390 | D:6      | Found Kabamuxt's Lightly-Used Armoury.
  4423 | D:6      | Found a snail-covered altar of Cheibriados.
  4426 | D:6      | Found a blossoming altar of Fedhas.
  4432 | D:6      | Found a burning altar of Makhleb.
  4433 | D:6      | Found a bloodstained altar of Trog.
  4435 | D:6      | Found an opulent altar of Gozag.
  4436 | D:6      | Found a sparkling altar of Nemelex Xobeh.
  4438 | D:6      | Found an ancient bone altar of Kikubaaqudgha.
  4443 | D:6      | Found a shimmering blue altar of Sif Muna.
  4765 | D:5      | Killed Duvessa
  4787 | D:5      | Killed Dowan
  4910 | D:5      | Reached skill level 12 in Axes
  4910 | D:5      | Reached skill level 5 in Dodging
  4910 | D:5      | Reached XP level 9. HP: 55/55 MP: 9/12
  5117 | D:7      | Found a flagged portal.
  5138 | Bailey   | Entered a bailey
  5199 | Bailey   | Reached * piety under Okawaru
  5247 | Bailey   | Reached skill level 5 in Shields
  5268 | Bailey   | Reached XP level 10. HP: 27/61 MP: 13/13
  5604 | Bailey   | Noticed an orc warlord
  5687 | Bailey   | Identified the ring of Zystionur {Fly Will+}
  5868 | Bailey   | Mangled by an orc warlord

Illustrated notes

Levels and vault maps discovered:
D:1:      minmay_arrival_diagonal_passages, layout_basic,
          hellmonk_ecumenical_altar_run_dry, minmay_lizard_king
D:2:      layout_rooms
D:3:      layout_loops_cross, minmay_diced_spiral
D:4:      layout_rooms, lightli_sewer_entry_pipes, minivault_24
D:5:      dreamdust_elfheim, layout_rooms, kennysheep_mini_moat,
          mainiacjoe_overflow_concentric_impassable, uniq_blork_the_orc
D:6:      layout_basic, nicolae_overflow_hallway_of_the_gods,
          minmay_temple_entry_purple_smoke, minmay_shop_damaged
D:7:      layout_gridville, nicolae_overflow_squiral, enter_bailey_5,
          corexii_item_surrounded_by_moat, minmay_misc_feat_square
Temple:   hellmonk_temple_rainy
Bailey:   bailey_axe_minmay_hex_keep, bailey

Skill      XL: |  1  2  3  4  5  6  7  8  9 10 |
---------------+-------------------------------+-----
Axes           | 3 4 5 6 8 10 12 | 12.8
Fighting       | 6 |  6.4
Armour         | 6 7 |  7.2
Dodging        | 5 6 |  6.0
Shields        | 4 5 |  5.1
Invocations    | 3 |  3.6

Action                     |  1- 3 |  4- 6 |  7- 9 | 10-12 || total
---------------------------+-------+-------+-------+-------++-------
  Melee: War axe           |    95 |   177 |   187 |     4 ||   463
         Kick              |    19 |    37 |    53 |    14 ||   123
         Peck              |    11 |    17 |    21 |    11 ||    60
         Broad axe         |       |       |       |    44 ||    44
  Throw: Dart              |       |       |     2 |    11 ||    13
         Throwing net      |       |       |       |     1 ||     1
 Invoke: Heroism           |       |       |       |     1 ||     1
    Use: Scroll            |       |     4 |    10 |       ||    14
         Potion            |       |     1 |     1 |     1 ||     3
 Armour: Scale mail        |    48 |    34 |       |       ||    82
         Chain mail        |       |    63 |    64 |    16 ||   143
  Dodge: Dodged            |    54 |    59 |    48 |    15 ||   176
  Block: Buckler           |    14 |    37 |    36 |     7 ||    94
